 Dungeon Sprint DCSS version 0.17-a0-1570-g74b7129 (webtiles) character file.

429 1100001001 the Grappler (level 6, -9/106 HPs)
             Began as a Troll Monk on July 23, 2015.
             Was a Believer of Qazlal.
             Shot with an arrow by a centaur warrior (11 damage)
             ... in the Dungeon (Sprint I: "Red Sonja").
             The game lasted 00:01:43 (135 turns).

1100001001 the Grappler (Troll Monk)                 Turns: 135, Time: 00:01:43

Health: -9/106     AC:  5    Str: 27    XL:     6   Next: 66%
Magic:  5/5        EV: 13    Int:  6    God:    Qazlal [**....]
Gold:   319        SH:  2    Dex: 12    Spells: 0 memorised, 5 levels left

rFire  . . .     SeeInvis .       - Unarmed
rCold  . . .     Clarity  .     a - +0 robe
rNeg   . . .     SustAt   .     (no shield)
rPois  .         Gourm    +     (helmet restricted)
rElec  .         Spirit   .     (no cloak)
rCorr  .         Warding  .     (gloves unavailable)
rMut   .         NoTele   +     (boots unavailable)
MR     .....                    (no amulet)
Stlth  ..........               (no ring)
                                (no ring)

@: berserking, very quick, not resistant to hostile enchantments, extremely
unstealthy
A: unfitting armour, claws 3, fast metabolism 3, gourmand, regeneration 2,
shaggy fur 1, tough skin 2
a: Upheaval, Renounce Religion


You were in the Dungeon.
You worshipped Qazlal.
Qazlal was pleased with you.
You were not hungry.

You visited 1 branch You collected 319 gold pieces.


Innate Abilities, Weirdness & Mutations

You are too large for most types of armour.
You have claws for hands.
Your metabolism is lightning-fast.
You like to eat raw meat.
You heal very quickly.
You are covered in fur (AC +1).
You have very tough skin (AC +2).


   Skills:
 + Level 7.3 Fighting
 + Level 7.4 Dodging
 - Level 1.1 Stealth
 + Level 9.3 Unarmed Combat


You had 5 spell levels left.
You didn't know any spells.

Inventory:

Armour
 a - a +0 robe (worn)
Jewellery
 i - an uncursed ring of ice
Scrolls
 h - a scroll of blinking
Potions
 c - a potion of curing {@q1}
 e - a potion of haste {@q3}
 f - 2 potions of magic
Comestibles
 b - 2 bread rations
 j - 2 chunks of flesh

Dungeon Overview and Level Annotations

Branches:
Dungeon (1/1)

Altars:
Elyvilon
Gozag
Kikubaaqudgha
Makhleb
Nemelex Xobeh
Okawaru
Qazlal
Ru
Sif Muna
Trog
Vehumet
Xom
Yredelemnul
Zin
The Shining One

Shops:
D *

Annotations:
D Sonja

▒▒▒▒▒▒▒▒▒▒▒▒▒▒▒
<.▒.))..▒..'..▒
..'..▒..').▒..+
..▒▒▒▒▒'▒▒▒▒▒'▒ ▒▒▒
..▒▒▒▒..▒...▒.▒▒▒▒##▒
..▒__▒▒▒▒..▒▒.▒###c.▒
..▒_..__▒▒'▒..#≈T##.+
⌠⌠▒_.∩...'..._▒###c.▒
▒▒▒_..._▒▒_.▒'▒▒+▒▒▒▒
▒_____▒▒▒+▒.▒ ▒▒▒▒▒▒▒
▒.▒▒▒ £.£


£K£ ▒▒.▒▒ ▒+▒ You could see 2 centaur warriors.


Message History

The centaur warrior wields a shortbow.
The centaur warrior shoots an arrow.
The arrow hits you!
You hear a splash.
The centaur warrior wields a shortbow.
The centaur warrior shoots an arrow.
The arrow hits you!!
* * * LOW HITPOINT WARNING * * *
You hear a splash.
The centaur warrior shoots an arrow.
The arrow hits you!!
* * * LOW HITPOINT WARNING * * *
You hear a splash.
You see here 3 arrows.
Drink which item? (? for menu, Esc to quit)
You feel much better.
The centaur warrior shoots an arrow.
The arrow completely misses you.
You hear a splash.
The centaur warrior shoots an arrow.
The arrow hits you!
* * * LOW HITPOINT WARNING * * *
You hear a splash.
The centaur warrior shoots an arrow.
The arrow hits you.
* * * LOW HITPOINT WARNING * * *
You hear a splash.
Drink which item? (? for menu, Esc to quit)
Really quaff
g - a potion of berserk rage {!q}?
A red film seems to cover your vision as you go berserk!
You feel yourself moving faster!
You feel mighty!
The centaur warrior shoots an arrow.
The arrow hits you!!
* * * LOW HITPOINT WARNING * * *
You hear a splash.
The centaur warrior shoots an arrow.
The arrow hits you!
You die...

Action                   |  1- 3 |  4- 6 || total
-------------------------+-------+-------++-------
Melee: Unarmed           |    10 |    13 ||    23
  Use: Potion            |       |     2 ||     2
 Stab: Sleeping          |     1 |     1 ||     2

Vault maps used:
D:        dungeon_sprint_1

Notes
Turn   | Place    | Note
--------------------------------------------------------------
     0 | D        | 1100001001 the Troll Monk began the quest for the Orb.
     0 | D        | Reached XP level 1. HP: 22/22 MP: 0/0
     2 | D        | Noticed Ijyb
    11 | D        | Killed Ijyb
    11 | D        | Reached skill level 3 in Fighting
    11 | D        | Reached skill level 3 in Dodging
    11 | D        | Reached skill level 5 in Unarmed Combat
    11 | D        | Reached XP level 2. HP: 25/32 MP: 1/1
    25 | D        | Noticed an ogre
    28 | D        | Killed an ogre
    28 | D        | Reached skill level 4 in Fighting
    28 | D        | Reached skill level 5 in Dodging
    28 | D        | Reached skill level 6 in Unarmed Combat
    28 | D        | Reached XP level 3. HP: 39/41 MP: 2/2
    28 | D        | Reached XP level 4. HP: 46/49 MP: 3/3
    37 | D        | Killed a gargoyle
    38 | D        | Noticed Sigmund
    50 | D        | Killed Sigmund
    50 | D        | Reached skill level 6 in Fighting
    50 | D        | Reached skill level 6 in Dodging
    50 | D        | Reached skill level 8 in Unarmed Combat
    50 | D        | Reached XP level 5. HP: 56/61 MP: 4/4
    70 | D        | Found a deep blue altar of Sif Muna.
    71 | D        | Noticed a jelly
    72 | D        | Found a radiant altar of Vehumet.
    75 | D        | Killed a jelly
    75 | D        | Reached XP level 6. HP: 66/68 MP: 5/5
    98 | D        | Found Kipterim's General Store.
    98 | D        | Found a white marble altar of Elyvilon.
    98 | D        | Found a stormy altar of Qazlal.
    98 | D        | Found a basalt altar of Yredelemnul.
    98 | D        | Found an iron altar of Okawaru.
    98 | D        | Found a sparkling altar of Nemelex Xobeh.
    98 | D        | Found a shimmering altar of Xom.
    98 | D        | Found an ancient bone altar of Kikubaaqudgha.
    98 | D        | Noticed a yak
    99 | D        | Found a burning altar of Makhleb.
    99 | D        | Found a sacrificial altar of Ru.
    99 | D        | Found a glowing golden altar of the Shining One.
    99 | D        | Found an opulent altar of Gozag.
    99 | D        | Found a glowing silver altar of Zin.
   101 | D        | Killed a yak
   101 | D        | Reached skill level 7 in Fighting
   101 | D        | Reached skill level 7 in Dodging
   101 | D        | Reached skill level 9 in Unarmed Combat
   102 | D        | Found a bloodstained altar of Trog.
   107 | D        | Became a worshipper of Qazlal Stormbringer
   107 | D        | Acquired Qazlal's first power
   107 | D        | Acquired Qazlal's second power
   113 | D        | Noticed Sonja
   123 | D        | Noticed a centaur warrior
   126 | D        | Noticed a centaur warrior
   135 | D        | HP: 2/106 [centaur warrior/arrow (20)]
   135 | D        | Shot with an arrow by a centaur warrior

Vanquished Creatures
  Sigmund (D)
  A yak (D)
  An ogre (D)
  A jelly (D)
  Ijyb (D)
5 creatures vanquished.

Vanquished Creatures (others)
  A gargoyle (D)
1 creature vanquished.

Grand Total: 6 creatures vanquished
